 Dungeon Crawl Stone Soup version 0.31-a0-1406-g2bdb5a6 (webtiles) character file.

Game seed: 9601465904633630615

1741100 Wizard1ke the Ant of Prey (level 27, 226/226 (238) HPs)
             Began as a Formicid Berserker on Dec 25, 2023.
             Was a Priest of Trog.
             Escaped with the Orb
             ... and 3 runes!
             The game lasted 03:15:51 (63768 turns).

Wizard1ke the Ant of Prey (Formicid Berserker)     Turns: 63768, Time: 03:15:51

HP:   226/226 (238) AC: 44    Str: 31    XL:     27
MP:   49/49         EV:  7    Int:  8    God:    Trog [***...]
Gold: 4904          SH: 32    Dex: 16    Spells: 26/26 levels left

rFire   + + +        i - +7 lajatang of Order {silver, rMut}
rCold   + + +        P - +2 tower shield {rC+}
rNeg    + . .        s - +12 gold dragon scales
rPois   +            (helmet unavailable)
rElec   +            r - +0 cloak {rPois}
rCorr   .            u - +2 pair of gloves {Dex+3}
SInv    +            S - +0 pair of boots "Use Vod" {Will++ Int-4}
Will    ++++.        J - amulet "Masupt" {Reflect ^Fragile rPois rF+++ MP+9 SH+5} Stlth
                     U - +4 ring of protection
HPRegen 0.57/turn    R - ring of Idajeuf {rElec rN+ Str-3 Int+5 Slay+5}
MPRegen 0.31/turn

%: reflection, resist mutation
@: studying 2 skills, drained
A: permanent stasis, dig shafts and tunnels, antennae 3, four strong arms, cold
resistance 1, deterioration 1, dopey 1
0: Orb of Zot
}: 3/15 runes: barnacled, abyssal, gossamer
a: Dig, Shaft Self, Renounce Religion, Trog's Hand


You escaped.
You worshipped Trog.
Trog was most pleased with you.
You visited 10 branches of the dungeon, and saw 48 of its levels.
You visited the Abyss 1 time.
You visited 1 bazaar.
You also visited: Sewer, Ice Cave and Wizlab.

You collected 7564 gold pieces.
You spent 2660 gold pieces at shops.

Inventory:

Hand Weapons
 i - the +7 lajatang of Order (weapon) {silver, rMut}
   (You acquired it on level 8 of the Dungeon)

   rMut:      It protects you from mutation.
Missiles
 b - 48 boomerangs
 h - 11 curare-tipped darts
 k - 6 throwing nets
 v - 33 javelins (quivered)
 B - 12 silver javelins
Armour
 r - a +0 cloak of poison resistance (worn)
 s - +12 gold dragon scales (worn)
 u - a +2 pair of gloves of dexterity (worn)
 K - the scarf of Beogh's Grace {harm, Slay+2}
   (You bought it in a shop on level 1 of the Elven Halls)

   Slay+2:    It affects your accuracy & damage with ranged weapons and melee
   (+2).
 P - a +2 tower shield of cold resistance (worn)
 S - the +0 pair of boots "Use Vod" (worn) {Will++ Int-4}
   (You bought it in a shop on level 2 of the Orcish Mines)

   Int-4:     It affects your intelligence (-4).
   Will++:    It greatly increases your willpower.
Jewellery
 j - a ring of flight
 q - a ring of positive energy
 y - an amulet of regeneration
 I - the ring "Qaudelag" {rPois rN+ Will+ Str+3}
   (You took it off a deep elf annihilator on level 3 of the Elven Halls)

   [ring of willpower]

   Str+3:     It affects your strength (+3).
   rPois:     It protects you from poison rN+: It protects you from negative
   energy.
   Will+:     It increases your willpower.
 J - the amulet "Masupt" (around neck) {Reflect ^Fragile rPois rF+++ MP+9 SH+5}
   (You found it on level 3 of the Depths)

   [amulet of reflection]

   Reflect:   It reflects blocked missile attacks.
   rF+++:     It renders you almost immune to fire.
   rPois:     It protects you from poison MP+9: It affects your magic capacity
   (+9).
   ^Fragile:  It will be destroyed if unequipped.
   SH+5:      It affects your SH (+5).
 Q - a +4 ring of protection
 R - the ring of Idajeuf (right hand) {rElec rN+ Str-3 Int+5 Slay+5}
   (You took it off a deep elf master archer on level 3 of the Elven Halls)

   [ring of positive energy]

   Str-3:     It affects your strength (-3).
   Int+5:     It affects your intelligence (+5).
   Slay+5:    It affects your accuracy & damage with ranged weapons and melee
   (+5).
   rElec:     It insulates you from electricity.
   rN+:       It protects you from negative energy.
 T - the ring "Yxoh" {rF+ SInv}
   (You found it on level 1 of the Shoals)

   [ring of see invisible]

   rF+:       It protects you from fire.
   SInv:      It lets you see invisible.
 U - a +4 ring of protection (left hand)
Wands
 d - a wand of charming (52)
 f - a wand of acid (7)
 E - a wand of digging (16)
 G - a wand of flame (23)
 H - a wand of roots (35)
 M - a wand of mindburst (31)
Scrolls
 c - 3 scrolls of revelation
 g - 13 scrolls of vulnerability
 x - 2 scrolls of fear
 A - 7 scrolls of poison
 L - 5 scrolls of fog
 N - 6 scrolls of immolation
 O - 4 scrolls of butterflies
 Z - 2 scrolls of acquirement
Potions
 a - 3 potions of lignification
 e - 8 potions of ambrosia
 l - 6 potions of brilliance
 m - 12 potions of curing
 n - 10 potions of heal wounds
 o - 17 potions of attraction
 p - 9 potions of mutation
 w - 11 potions of might
 z - 3 potions of magic
 C - 5 potions of resistance
 D - 10 potions of enlightenment
 F - 3 potions of invisibility
 V - 5 potions of cancellation
Miscellaneous
 t - a phial of floods
 W - a phantom mirror
 X - a sack of spiders
 Y - a tin of tremorstones (2/2)


   Skills:
 - Level 24.0 Fighting
 - Level 6.3(14.2) Polearms
 - Level 19.6(20.0) Staves
 - Level 20.0 Throwing
 - Level 16.2 Armour
 - Level 1.7 Dodging
 - Level 26.0 Shields
 + Level 26.3 Invocations
 - Level 10.0 Evocations


You had 26 spell levels left.
You didn't know any spells.
Your spell library contained the following spells:

 Spells                   Type           Power      Damage    Failure   Level
 Necrotise                Necr           0%         1d4       99%         1
 Call Imp                 Summ           0%         N/A       100%        2
 Sublimation of Blood     Necr           0%         N/A       100%        2
 Vampiric Draining        Necr           0%         2d6       100%        3
 Anguish                  Hex/Necr       0%         N/A       100%        4
 Cause Fear               Hex            0%         N/A       100%        4
 Petrify                  Alch/Erth      0%         N/A       100%        4
 Agony                    Necr           0%         N/A       100%        5
 Fireball                 Conj/Fire      0%         3d3       100%        5
 Irradiate                Conj/Alch      0%         3d11      100%        5
 Simulacrum               Ice/Necr       0%         N/A       100%        6
 Enfeeble                 Hex            0%         N/A       100%        7
 Ozocubu's Refrigeration  Ice            0%         4d7       100%        7
 Summon Hydra             Summ           0%         N/A       100%        7
 Dragon's Call            Summ           0%         N/A       100%        9
 Polar Vortex             Ice            0%         N/A       100%        9


Dungeon Overview and Level Annotations

Branches:
Dungeon (15/15)            Temple (0/1) D:6            Lair (5/5) D:8
 Shoals (4/4) Lair:3       Spider (4/4) Lair:3        Slime (0/5) Lair:4
    Orc (2/2) D:12            Elf (3/3) Orc:2        Vaults (4/5) D:13
  Crypt (2/3) Vaults:2     Depths (4/4) D:15            Zot (5/5) Depths:4
  Sewer (visited)           IceCv (visited)          WizLab (visited)

Altars:
Ashenzari
Dithmenos
Elyvilon
Fedhas
Gozag
Hepliaklqana
Kikubaaqudgha
Makhleb
Sif Muna
Vehumet
Xom
Yredelemnul
Zin
The Shining One
Jiyva
Lugonu

Shops:
D:1 ([[:   D:10 *   Orc:1 (:::[*   Orc:2 *[=[   Elf:1 [:   Elf:2 =   Shoals:2 (
Shoals:3 !   Vaults:1 *!(*   Vaults:2 *   Vaults:4 *   Depths:1 =?*

Portals:
Hell: Depths:1 Depths:2 Depths:3 Depths:4
Abyss: Depths:2 Depths:3
Pandemonium: Depths:2
Ziggurat: Depths:2
Trove: D:15 (give +3 storm dragon scales)

Annotations:
D:13 Jorgrun
D:15 3 runed translucent doors, exclusion: 3 doors, Yjerus's ghost, adept MiAK
Elf:2 3 runed translucent doors
Elf:3 1 exclusion
Vaults:2 3 runed translucent doors, exclusions: 3 doors and obsidian statue, Qogouluc's ghost, veteran DECj
Vaults:5 !vaults warning
Crypt:1 9 runed translucent doors


Innate Abilities, Weirdness & Mutations

You cannot be hasted, slowed, berserked, paralysed or teleported.
You can dig through walls and to a lower floor.
You have a pair of large antennae on your head. (SInv)
Your four strong arms can wield two-handed weapons with a shield.
Your flesh is cold resistant. (rC+)
Your body sometimes deteriorates upon taking damage.
You are dopey. (Int -2)


Message History

You barely miss the Orb Guardian.
The Orb Guardian is heavily wounded.
You block the Orb Guardian's attack.
You hit the Orb Guardian but do no damage.
The Orb Guardian is heavily wounded.
You block the Orb Guardian's attack.
You slice the Orb Guardian!!
The Orb Guardian is severely wounded.
The Orb Guardian hits you.
You slash the Orb Guardian!
The Orb Guardian is almost dead.
The Orb Guardian hits you!
You slash the Orb Guardian!
You kill the Orb Guardian!
Trog accepts your kill.
You extend your mandibles.
You dig through the rock wall.
You feel drained.
You retract your mandibles.
You extend your mandibles.
You dig through the rock wall.
You feel drained.
You retract your mandibles.
There is a staircase leading out of the dungeon here.
Your troll goes berserk!
Your iron troll goes berserk!
Your deep troll goes berserk!
Your deep troll goes berserk!
Your deep troll rages.
Your deep troll goes berserk!
Your ogre goes berserk!
Your two-headed ogre goes berserk!
Trog will no longer gift you weapons.
Your deep troll rages.
Your ogre goes berserk!
Your two-headed ogre rages.
Your ogre goes berserk!
Your two-headed ogre goes berserk!
You can no longer call in reinforcements.
Your deep troll rages.
Your two-headed ogre rages.
Your ogre rages.
Your iron troll rages.
You have escaped!

##.###....##.......# #..#
#.#####........ ###..###.##
#.......# #.....##..# #######..
#####.###.###.###### ###
#.+.....†.#.....'..#######
###.###.#####'#.#+##....##..
##.....#.'.O...#{#.+........#
##...##.#.#OT@T.#.#.#.#.......
##.....#.###.TTTO###.#.........
###......#.....OO..#.#.#........#
.##........#.#.....#.#.'.........
.........#'#.#####'#.#'#........#
.##>##...+.....'.'.....+......###
###.###..###+###+###.#####....#
.##......###.##...#..# ##...#
....#........##.....## #...#


You could see a friendly iron troll (summoned, berserk), 2 friendly two-headed
ogres, 3 friendly deep trolls, a friendly troll (summoned, berserk) and 3
friendly ogres.

Vanquished Creatures
  4 ancient liches
  11 orbs of fire
  3 dread liches
  2 juggernauts
  4 Killer Klowns
  6 curse toes
  7 golden dragons
  Nikola (Vaults:1)
  2 bone dragons
  Arachne (Spider:2)
  4 electric golems
  2 Ice Fiends
  12 tentacled monstrosities
  Mlioglotl (Shoals:2)
  A lich (Depths:3)
  The ghost of Mischaklue the Devastator, an adept GrFE of Sif Muna (Vaults:4)
  27 Orb Guardians
  A deep elf blademaster (Elf:2)
  A walking crystal tome (Depths:3)
  2 deep elf master archers (Elf:3)
  2 walking earthen tomes (Depths:3)
  A walking frostbound tome (Depths:3)
  9 tentacled starspawn
  A walking divine tome (Depths:3)
  14 quicksilver dragons
  15 death cobs
  7 sphinxes
  Gastronok (Lair:2)
  12 shadow dragons
  Agnes (Elf:2)
  3 tengu reavers
  Aizul (Elf:1)
  A revenant (Crypt:2)
  Kirke (D:15)
  Ilsuiw (Shoals:1)
  4 protean progenitors
  9 draconian monks
  2 fire giants
  3 iron dragons
  13 storm dragons
  9 frost giants
  8 draconian knights
  5 deep elf sorcerers
  2 emperor scorpions
  6 narguns (Depths:3)
  8 ghost moths
  4 draconian scorchers
  9 vault wardens
  3 draconian shifters
  3 orc warlords
  5 draconian stormcallers
  2 angels
  4 deep elf elementalists
  Louise (Spider:2)
  12 ironbound preservers
  A reaper (Depths:2)
  3 spriggan defenders
  27 very ugly things
  8 draconian annihilators
  2 formless jellyfish
  8 stone giants
  2 ophanim (Abyss:3)
  11 ironbound thunderhulks
  6 deep elf demonologists
  5 war gargoyles
  6 vampire knights
  A lorocyproca (Depths:2)
  8 black draconians
  13 green draconians
  A dire elephant (Vaults:1)
  12 white draconians
  15 purple draconians
  8 deep elf death magi
  9 deep elf annihilators
  3 minotaurs (Shoals:4)
  15 spark wasps
  8 yellow draconians
  11 red draconians
  An eidolon (Crypt:1)
  3 jiangshi
  4 ettins
  3 deep elf high priests
  4 merfolk javelineers
  7 merfolk impalers
  7 crystal guardians
  2 entropy weavers
  7 fire dragons
  5 ice dragons
  An entropy weaver (shapeshifter) (D:14)
  6 yaktaur captains
  4 salamander tyrants (WizLab)
  2 hydras (Lair:4)
  8 rakshasas
  9 peacekeepers
  A sphinx zombie (Crypt:1)
  5 spriggan air magi (Depths:2)
  6 vault guards
  15 centaur warriors
  3 alligators
  6 great orbs of eyes
  A spriggan skeleton (Abyss:1)
  7 merfolk avatars
  3 catoblepae
  11 radroaches
  An alligator snapping turtle (Shoals:2)
  11 ironbound frosthearts
  7 boulder beetles
  A jorogumo (Spider:2)
  4 merfolk aquamancers
  5 two-headed ogres
  2 deep troll earth magi
  4 vampire magi
  A two-headed ogre (shapeshifter) (Depths:3)
  19 dancing weapons
  5 deep troll shamans
  11 death yaks
  8 satyrs (Shoals:4)
  5 demonic crawlers
  2 occultists
  A naga warrior (Abyss:1)
  4 soul eaters
  3 spriggan berserkers (Depths:2)
  12 tengu warriors
  3 orc high priests (Orc:2)
  10 thrashing horrors
  Sonja (D:12)
  A hell knight (D:14)
  3 skysharks
  4 wretched stars
  Lodul (D:14)
  5 pharaoh ants
  12 deep elf knights
  A sun demon (Abyss:2)
  A sixfirhy (Abyss:2)
  3 iron trolls
  2 cherubim (Abyss:3)
  15 skeletal warriors
  2 goliath frogs (Lair:5)
  37 deep trolls
  A shadow wraith (Crypt:2)
  8 orb spiders
  7 glowing orange brains
  11 large abominations
  A deep troll (shapeshifter) (Depths:4)
  10 sea snakes
  2 death drakes (Zot:3)
  4 flayed ghosts
  5 sun moths
  9 arcanists
  10 steelbarb worms
  7 phantasmal warriors (Crypt:1)
  11 ironbound convokers
  19 harpies
  An iron giant skeleton (Crypt:1)
  3 necromancers
  9 lindwurms
  19 orc knights
  17 deep elf archers
  28 deep elf zephyrmancers
  2 steelbarb worms (shapeshifter)
  24 deep elf pyromancers
  2 mana vipers
  24 wolf spiders
  A sphinx simulacrum (Vaults:4)
  8 orc sorcerers
  A wolf spider zombie (Crypt:1)
  46 ugly things
  19 manticores
  9 fauns
  3 salamanders (WizLab)
  35 moths of wrath
  3 cyclopes
  12 elephants
  5 centaur zombies (D:10)
  An eye of devastation (shapeshifter) (Vaults:4)
  22 vault sentinels
  9 water nymphs
  A rust devil (Abyss:1)
  3 black mambas
  An orange demon (Abyss:2)
  12 merfolk sirens
  A guardian serpent (Abyss:1)
  A draconian skeleton (Crypt:1)
  3 torpor snails
  An ice statue (IceCv)
  3 gargoyles
  A cane toad (shapeshifter) (Abyss:2)
  3 smoke demons
  A catoblepas zombie (Crypt:2)
  21 cane toads
  An unseen horror (D:10)
  Maggie (Lair:2)
  An unseen horror (shapeshifter) (D:14)
  Jeremiah (Lair:1)
  3 efreet
  9 komodo dragons
  A golden dragon simulacrum (Crypt:1)
  32 yaktaurs
  2 red devils
  5 guardian mummies
  8 ancient zymes
  A yaktaur (shapeshifter) (D:15)
  7 tengu conjurers
  2 rime drakes
  25 merfolk
  A hellwing (Abyss:1)
  3 trolls
  A tyrant leech (Lair:5)
  A hornet (shapeshifter) (D:15)
  A moth of wrath zombie (Zot:3)
  10 polar bears
  20 blink frogs
  7 wind drakes
  A boulder beetle zombie (Crypt:1)
  29 tarantellas
  2 glass eyes
  6 hornets
  8 dream sheep
  5 raiju
  A snapping turtle (shapeshifter) (Depths:4)
  An ice dragon skeleton (Crypt:1)
  10 snapping turtles
  A black mamba zombie (Crypt:1)
  25 jumping spiders
  11 slime creatures
  2 centaur simulacra
  25 culicivoras
  An ettin skeleton (Crypt:1)
  19 water elementals
  3 air elementals
  4 wyverns
  A black mamba skeleton (Crypt:1)
  64 yaks
  3 ynoxinuls
  2 hogs (D:15)
  5 wraiths
  5 spriggans
  2 vampires
  2 wargs
  2 hogs (shapeshifter)
  A golden eye (Vaults:2)
  4 fire elementals
  16 humans (D:13)
  Grum (D:10)
  A human simulacrum (Vaults:4)
  4 basilisks
  A steam dragon (D:6)
  2 neqoxecs
  49 redbacks
  13 vampire mosquitoes
  An ogre zombie (Vaults:4)
  2 chaos spawn
  An acid dragon (D:12)
  A naga (Abyss:1)
  A cane toad zombie (Crypt:2)
  12 water moccasins
  9 ice beasts
  31 orc warriors
  4 sky beasts
  9 small abominations
  4 black bears
  An ogre (shapeshifter) (D:15)
  17 ogres
  A boggart (shapeshifter) (Depths:4)
  4 laughing skulls (Abyss:3)
  43 wolves
  17 centaurs
  3 kobold brigands
  6 weeping skulls
  A brain worm (Abyss:2)
  15 bullfrogs
  8 earth elementals
  2 gnoll sergeants
  An ogre simulacrum (Vaults:4)
  3 necrophages (D:10)
  3 scorpions
  14 wights
  17 killer bees
  2 howler monkeys (D:11)
  12 electric eels
  A crimson imp (D:3)
  2 bombardier beetles
  A lava snake (Lair:1)
  10 hounds
  2 quasits
  A black bear zombie (Crypt:1)
  3 human zombies
  9 jellies
  25 orc priests
  2 gnoll boudas (D:10)
  An iron imp (Abyss:2)
  3 sleepcaps
  3 human skeletons (Crypt:1)
  10 starcursed masses
  A centaur skeleton (Crypt:1)
  36 orc wizards
  5 iguanas
  2 lightning spires (WizLab)
  2 brain worm zombies (Crypt:1)
  6 mummies
  9 adders
  18 gnolls
  A shadow imp (D:6)
  15 white imps
  6 ufetubi
  A worm (D:4)
  2 dart slugs (D:3)
  98 orcs
  8 ball pythons
  A bat (D:1)
  6 endoplasms
  9 giant cockroaches
  A goblin (shapeshifter) (Elf:2)
  6 hobgoblins
  5 jackals
  8 quokkas
  8 frilled lizards
  6 goblins
  15 kobolds
  34 rats
  2 aspiring fleshes
  A lurking horror (Abyss:2)
  6 starspawn tentacles
2367 creatures vanquished.

Vanquished Creatures (collateral kills)
  Parghit (Depths:2)
  Zenata (Vaults:1)
  A deep elf blademaster (Elf:3)
  Frances (D:11)
  Polyphemus (Shoals:2)
  A vault warden (Vaults:1)
  A draconian knight (Depths:4)
  3 ironbound preservers
  A war gargoyle (WizLab)
  A merfolk impaler (Shoals:2)
  A merfolk javelineer (Shoals:2)
  7 hydras
  A peacekeeper (WizLab)
  A death yak (Lair:5)
  A pharaoh ant (Spider:3)
  A phantasmal warrior (Vaults:4)
  4 elephants
  A manticore (D:11)
  A merfolk siren (Shoals:4)
  A moth of wrath (Zot:1)
  A vault sentinel (Vaults:4)
  A gargoyle (WizLab)
  A komodo dragon (Lair:1)
  A yaktaur (Vaults:1)
  2 merfolk (Shoals:2)
  A polar bear (IceCv)
  A tarantella (Spider:4)
  A culicivora (Spider:4)
  3 yaks
  A redback (Spider:3)
  A vampire mosquito (Lair:5)
  2 bullfrogs
  A lurking horror (Abyss:3)
48 creatures vanquished.

Vanquished Creatures (others)
  A peacekeeper (WizLab)
  A harpy (Lair:3)
  A gargoyle (WizLab)
  3 humans (D:15)
  An orc (Orc:2)
  A butterfly (D:9)
  A lurking horror (Abyss:2)
  17 starspawn tentacles
26 creatures vanquished.

Grand Total: 2441 creatures vanquished

Notes
Turn   | Place    | Note
-------+----------+-------------------------------------------
     0 | D:1      | Wizard1ke the Formicid Berserker began the quest for the
                  | Orb.
     0 | D:1      | Reached XP level 1. HP: 18/18 MP: 1/1
   101 | D:1      | Found Lakimuk's Antique Armour Shop.
   115 | D:1      | Found Eshrem's Book Boutique.
   128 | D:1      | Found Ydidou's Antique Armour Boutique.
   351 | D:1      | Found Ellufuju's Antique Weapon Shop.
   414 | D:1      | Reached XP level 2. HP: 17/24 MP: 2/2
   830 | D:1      | Reached XP level 3. HP: 22/30 MP: 3/3
  1014 | D:2      | Reached ** piety under Trog
  1217 | D:2      | Reached XP level 4. HP: 37/37 MP: 4/4
  1528 | D:3      | Found a glowing silver altar of Zin.
  1530 | D:3      | Noticed an angel
  1539 | D:3      | Found a shimmering altar of Xom.
  1540 | D:3      | Found a burning altar of Makhleb.
  1540 | D:3      | Found a radiant altar of Vehumet.
  1560 | D:3      | Reached XP level 5. HP: 31/43 MP: 5/5
  1785 | D:3      | Reached skill level 5 in Fighting
  1951 | D:1      | Bought a shiny kite shield for 180 gold pieces
  2087 | D:3      | Reached *** piety under Trog
  2409 | D:4      | Noticed a water moccasin
  2425 | D:4      | You fall into a shaft and drop 3 floors!
  2494 | D:7      | Reached skill level 1 in Shields
  2494 | D:7      | Reached XP level 6. HP: 42/51 MP: 6/6
  2544 | D:7      | Noticed an ogre
  2579 | D:8      | Identified a scroll of acquirement
  2580 | D:8      | Acquired the +7 lajatang of Order {silver, rMut}
  2580 | D:8      | Found the +7 lajatang of Order {silver, rMut}
  2590 | D:8      | Reached skill level 5 in Polearms
  2716 | D:8      | Noticed a sky beast
  2724 | D:8      | Reached XP level 7. HP: 57/57 MP: 7/7
  2962 | D:6      | Noticed a steam dragon
  2969 | D:6      | Killed a steam dragon
  2970 | D:6      | Reached skill level 5 in Shields
  2970 | D:6      | Reached XP level 8. HP: 52/65 MP: 8/8
  3005 | D:6      | Found a staircase to the Ecumenical Temple.
  3191 | D:6      | Found a glowing drain.
  3196 | Sewer    | Entered a sewer
  3405 | Sewer    | Reached **** piety under Trog
  3460 | Sewer    | Reached XP level 9. HP: 74/74 MP: 9/9
  3699 | D:5      | Entered Level 5 of the Dungeon
  4669 | D:4      | Found a shadowy altar of Dithmenos.
  5520 | D:6      | Identified the +2 spear of Kemuqoir {freeze, rN+ Will+}
  5687 | D:7      | Reached skill level 10 in Fighting
  5687 | D:7      | Reached skill level 10 in Shields
  5699 | D:7      | Reached skill level 1 in Staves
  5720 | D:7      | Reached XP level 10. HP: 85/85 MP: 10/10
  5817 | D:7      | Identified the +4 ring mail of Pessimism {Harm rN+ Dex+2
                  | Stlth-}
  6034 | D:6      | Reached ***** piety under Trog
  6178 | D:8      | Reached skill level 5 in Staves
  6382 | D:8      | Noticed a rime drake
  6583 | D:8      | Found a staircase to the Lair.
  6586 | D:8      | Killed a rime drake
  7423 | D:9      | Found a blossoming altar of Fedhas.
  7505 | D:9      | Reached XP level 11. HP: 90/90 MP: 11/11
  7522 | D:9      | Found a hazy altar of Hepliaklqana.
  7535 | D:9      | Reached skill level 1 in Evocations
  7598 | D:9      | Received a gift from Trog
  7953 | D:9      | Found a white marble altar of Elyvilon.
  8105 | D:10     | Entered Level 10 of the Dungeon
  8189 | D:10     | Found a shimmering blue altar of Sif Muna.
  8208 | D:10     | Reached skill level 5 in Evocations
  8388 | D:10     | Found Laghaxt's Assorted Antiques.
  8397 | D:10     | Bought a pearl ring for 170 gold pieces
  8611 | D:1      | Bought a smoking chain mail for 152 gold pieces
  8611 | D:1      | Identified the +8 chain mail of Action {^Contam rPois rF+
                  | rC+} (You bought it in a shop on level 1 of the Dungeon)
  8849 | D:10     | Noticed a two-headed ogre
  8877 | D:10     | Killed a two-headed ogre
  9122 | D:10     | Found an ancient bone altar of Kikubaaqudgha.
  9190 | D:10     | Reached skill level 10 in Staves
  9598 | D:10     | Reached XP level 12. HP: 100/100 MP: 12/12
  9605 | D:10     | Noticed Grum
  9608 | D:10     | Killed Grum
  9717 | Lair:1   | Entered Level 1 of the Lair of Beasts
  9732 | Lair:1   | Received a gift from Trog
  9817 | Lair:1   | Noticed a five-headed hydra
  9822 | Lair:1   | Killed a five-headed hydra
  9894 | Lair:1   | Found a frozen archway.
  9923 | IceCv    | Entered an ice cave
 10057 | IceCv    | Noticed a death yak
 10070 | IceCv    | Killed a death yak
 10201 | IceCv    | Reached XP level 13. HP: 108/109 MP: 13/13
 10330 | IceCv    | Identified the +5 spear "Faelourgh" {protect, rElec rF+
                  | Str+3}
 10452 | IceCv    | Noticed an ironbound frostheart
 10452 | IceCv    | Noticed an ironbound frostheart
 10483 | IceCv    | Killed an ironbound frostheart
 10491 | IceCv    | Killed an ironbound frostheart
 10896 | Lair:1   | Received a gift from Trog
 10929 | Lair:1   | Noticed Jeremiah
 10956 | Lair:1   | Killed Jeremiah
 10992 | Lair:1   | Reached skill level 15 in Shields
 11780 | Lair:2   | Reached XP level 14. HP: 107/120 MP: 14/14
 11898 | Lair:2   | Noticed Gastronok
 11951 | Lair:2   | Killed Gastronok
 12135 | Lair:2   | Noticed Maggie
 12146 | Lair:2   | Killed Maggie
 12617 | Lair:3   | Found a hole to the Spider Nest.
 12966 | Lair:3   | Reached skill level 15 in Fighting
 13244 | Lair:3   | Found a staircase to the Shoals.
 13730 | Lair:4   | Received a gift from Trog
 13938 | Lair:4   | Found a staircase to the Slime Pits.
 13938 | Lair:4   | Found a viscous altar of Jiyva.
 13989 | Lair:4   | Reached skill level 1 in Throwing
 14445 | Lair:5   | Entered Level 5 of the Lair of Beasts
 14609 | Lair:5   | Reached XP level 15. HP: 119/129 MP: 15/15
 14875 | Lair:4   | Reached skill level 5 in Throwing
 16621 | D:12     | Noticed Frances
 16640 | D:11     | Killed Frances
 16790 | D:12     | Noticed Sonja
 16796 | D:12     | Killed Sonja
 16797 | D:12     | Reached skill level 10 in Evocations
 16868 | D:12     | Found a staircase to the Orcish Mines.
 17407 | Orc:1    | Entered Level 1 of the Orcish Mines
 17622 | Orc:1    | Found Pemed's Book Boutique.
 17687 | Orc:1    | Reached XP level 16. HP: 98/132 MP: 16/16
 17804 | Orc:1    | Found Mogis's Antique Weapon Shoppe.
 17831 | Orc:1    | Found Omoupai's Book Shoppe.
 17879 | Orc:1    | Found Ynialacymn's Armour Emporium.
 17894 | Orc:1    | Found Loryac's General Store.
 17934 | Orc:1    | Found Watoomavu's Book Shoppe.
 18155 | Orc:2    | Entered Level 2 of the Orcish Mines
 18209 | Orc:2    | Found a shimmering altar of Xom.
 18420 | Orc:2    | Received a gift from Trog
 18425 | Orc:2    | Reached skill level 10 in Throwing
 18700 | Orc:2    | Found Mempy's Jewellery Shop.
 18700 | Orc:2    | Found Horau's Antique Armour Shoppe.
 18702 | Orc:2    | Found Kaeph's Assorted Antiques.
 18702 | Orc:2    | Found Xuenusel's Armour Shoppe.
 18713 | Orc:2    | Bought a pair of slimy boots for 294 gold pieces
 18713 | Orc:2    | Identified the +0 pair of boots "Use Vod" {Will++ Int-4}
                  | (You bought it in a shop on level 2 of the Orcish Mines)
 18726 | Orc:2    | Bought a pair of embroidered gloves for 232 gold pieces
 18794 | Orc:2    | Found a staircase to the Elven Halls.
 19132 | D:13     | Noticed Nessos
 19132 | D:13     | Found a gate to the Vaults.
 19477 | D:13     | Nessos changed into Nessos the lindwurm
 19477 | D:13     | Noticed Nessos
 19483 | D:13     | Killed Nessos the lindwurm
 20001 | D:13     | Found a basalt altar of Yredelemnul.
 20039 | D:13     | Noticed Jorgrun
 20496 | D:14     | Noticed Lodul
 20523 | D:14     | Killed Lodul
 20523 | D:14     | Received a gift from Trog
 20961 | D:15     | Entered Level 15 of the Dungeon
 21099 | D:15     | Found a portal to a secret trove of treasure.
 21186 | D:15     | Noticed Kirke
 21202 | D:15     | Killed Kirke
 21252 | D:15     | Reached XP level 17. HP: 128/144 MP: 17/17
 21320 | D:15     | Found a glowing golden altar of the Shining One.
 21413 | D:15     | Found a staircase to the Depths.
 21656 | D:15     | Found a runed translucent gate.
 21661 | D:15     | Found a runed translucent gate.
 21661 | D:15     | Found a runed translucent gate.
 21662 | D:15     | Noticed Yjerus's ghost (adept MiAK)
 21665 | D:15     | Found a viscous altar of Jiyva.
 21966 | Shoals:1 | Entered Level 1 of the Shoals
 22528 | Shoals:1 | Reached ****** piety under Trog
 22630 | Shoals:1 | Found a runed translucent door.
 22925 | Shoals:2 | Noticed Polyphemus
 22987 | Shoals:2 | Noticed Ilsuiw
 22998 | Shoals:1 | Received a gift from Trog
 23032 | Shoals:1 | Killed Ilsuiw
 23329 | Shoals:2 | Killed Polyphemus
 23872 | Shoals:2 | Noticed Mlioglotl
 23882 | Shoals:2 | Killed Mlioglotl
 23954 | Shoals:2 | Found Koselosk's Antique Weapon Boutique.
 24497 | Shoals:2 | Reached XP level 18. HP: 105/155 MP: 18/18
 24552 | Shoals:3 | Received a gift from Trog
 24704 | Shoals:3 | Found Baittag's Distillery.
 24725 | Shoals:3 | Bought a potion of cancellation for 160 gold pieces
 24725 | Shoals:3 | Bought a potion of attraction for 60 gold pieces
 24725 | Shoals:3 | Bought a potion of enlightenment for 100 gold pieces
 25295 | Shoals:4 | Entered Level 4 of the Shoals
 25978 | Shoals:4 | Noticed a sphinx
 26003 | Shoals:4 | Killed a sphinx
 26052 | Shoals:4 | Got a barnacled rune of Zot
 26071 | Shoals:4 | Identified the +5 chain mail "Netuz Riy" {Fly rF+++ rC+
                  | Int-4}
 26453 | Spider:1 | Entered Level 1 of the Spider Nest
 26710 | Shoals:1 | Identified the ring "Yxoh" {rF+ SInv}
 26750 | Shoals:1 | Identified the +11 flail "Matevoq" {heavy, *Noise rPois rF+
                  | rCorr}
 26802 | Spider:1 | Received a gift from Trog
 26945 | Spider:1 | Reached XP level 19. HP: 159/165 MP: 19/19
 27761 | Spider:2 | Identified the +3 tower shield of Leaves {Rampage}
 27761 | Spider:2 | Noticed Louise
 27772 | Spider:2 | Killed Louise
 27982 | Spider:2 | Reached skill level 15 in Throwing
 27985 | Spider:2 | Noticed Arachne
 28019 | Spider:2 | Killed Arachne
 28120 | Spider:2 | Acquired a manual of Maces & Flails
 29689 | Spider:4 | Entered Level 4 of the Spider Nest
 29779 | Spider:4 | Received a gift from Trog
 30297 | Spider:4 | Reached XP level 20. HP: 118/176 MP: 20/20
 30721 | Spider:4 | Identified the +2 hat "Mebor" {rPois rCorr Int+2}
 30728 | Spider:4 | Got a gossamer rune of Zot
 31239 | Vaults:1 | Entered Level 1 of the Vaults
 31320 | Vaults:1 | Noticed Zenata
 31329 | Vaults:1 | Killed Zenata
 31441 | Vaults:1 | Noticed Nikola
 31477 | Vaults:1 | Killed Nikola
 31528 | Vaults:1 | Identified the +3 dagger of Caustic Guilt {flame, Str+4}
 31761 | Vaults:1 | Found Ygean's General Store.
 31769 | Vaults:1 | Bought a sack of spiders for 680 gold pieces
 31777 | Vaults:1 | Found Caror's Antique Weapon Shop.
 31961 | Vaults:1 | Found Ysutin's Distillery.
 32051 | Vaults:1 | Received a gift from Trog
 32095 | Vaults:1 | Found Miamephe's Assorted Antiques.
 32759 | Vaults:2 | Received a gift from Trog
 32804 | Vaults:2 | Found a flickering gateway to a bazaar.
 32813 | Bazaar   | Entered a bazaar
 32819 | Bazaar   | Found Keluem's Book Shoppe.
 32831 | Bazaar   | Found Busyged's Antique Weapon Boutique.
 32841 | Bazaar   | Found Yhuid's Distillery.
 32851 | Bazaar   | Found Qehil's Weapon Shoppe.
 32868 | Bazaar   | Bought a potion of resistance for 110 gold pieces
 32868 | Bazaar   | Bought a potion of attraction for 33 gold pieces
 32868 | Bazaar   | Bought a potion of might for 44 gold pieces
 32868 | Bazaar   | Bought a potion of mutation for 88 gold pieces
 32868 | Bazaar   | Bought a potion of heal wounds for 55 gold pieces
 32917 | Vaults:2 | Reached XP level 21. HP: 152/184 MP: 21/21
 32969 | Vaults:2 | Identified the +5 ring mail of Macaroni {rElec Will+
                  | Regen+}
 33089 | Vaults:2 | Found a staircase to the Crypt.
 33089 | Vaults:2 | Found a basalt altar of Yredelemnul.
 33090 | Vaults:2 | Found an ancient bone altar of Kikubaaqudgha.
 33822 | Vaults:2 | Found a runed translucent gate.
 33822 | Vaults:2 | Found a runed translucent gate.
 33824 | Vaults:2 | Found an opulent altar of Gozag.
 33825 | Vaults:2 | Found a runed translucent gate.
 33825 | Vaults:2 | Found Hynwept's Assorted Antiques.
 33826 | Vaults:2 | Noticed an ancient lich
 33826 | Vaults:2 | Noticed Qogouluc's ghost (veteran DECj)
 34334 | Vaults:3 | Received a gift from Trog
 34543 | Vaults:3 | Reached skill level 15 in Staves
 35605 | Vaults:4 | Found Riuc's Assorted Antiques.
 35733 | Vaults:4 | Received a gift from Trog
 35734 | Vaults:4 | Reached XP level 22. HP: 194/194 MP: 22/22
 36377 | Vaults:4 | Found a large runed translucent door.
 36377 | Vaults:4 | Found a large runed translucent door.
 36378 | Vaults:4 | Noticed Mischaklue's ghost (adept GrFE)
 36401 | Vaults:4 | Killed Mischaklue's ghost
 36849 | Depths:1 | Entered Level 1 of the Depths
 36973 | Depths:1 | Identified the +3 quarterstaff of Conversion {heavy, Will+
                  | Stlth+} (Trog gifted it to you on level 1 of the Depths)
 36973 | Depths:1 | Received a gift from Trog
 37026 | Depths:1 | Found Neitifid's Assorted Antiques.
 37229 | Depths:1 | Found a gateway to Hell.
 37255 | Depths:1 | Found a broken altar of Ashenzari.
 37397 | Depths:1 | Found Ryres's Distillery.
 37513 | Depths:1 | Found Nionliq's Magic Scroll Shop.
 37518 | Depths:1 | Found Juopoaleu's Jewellery Boutique.
 37519 | Depths:1 | Bought a scroll of fog for 52 gold pieces
 37949 | Depths:2 | Found a one-way gateway to a ziggurat.
 38037 | Depths:2 | Found a corrupted altar of Lugonu.
 38038 | Depths:2 | Found a one-way gate to the infinite horrors of the Abyss.
 38288 | Depths:2 | Found a one-way gate leading to the halls of Pandemonium.
 38740 | Depths:2 | Found a blossoming altar of Fedhas.
 38786 | Depths:2 | Reached XP level 23. HP: 190/203 MP: 23/23
 38948 | Depths:3 | Noticed Parghit
 39051 | Depths:3 | Received a gift from Trog
 39964 | Depths:3 | Identified the amulet "Masupt" {Reflect ^Fragile rPois
                  | rF+++ MP+9 SH+5}
 40076 | Depths:3 | Received a gift from Trog
 40430 | Depths:2 | Killed Parghit
 40448 | Depths:2 | Gained mutation: Your body sometimes deteriorates upon
                  | taking damage. [mutagenic glow]
 41055 | Depths:4 | Entered Level 4 of the Depths
 41267 | Depths:4 | Noticed a juggernaut
 41281 | Depths:4 | Killed a juggernaut
 41282 | Depths:4 | Reached XP level 24. HP: 164/207 MP: 23/23
 41628 | Depths:4 | Received a gift from Trog
 41636 | Depths:4 | Found a gate to the Realm of Zot.
 41716 | Depths:4 | Reached skill level 5 in Armour
 42175 | Depths:4 | Found a glowing golden altar of the Shining One.
 42935 | Elf:1    | Entered Level 1 of the Elven Halls
 42999 | Elf:1    | Found a magical portal.
 43008 | WizLab   | Entered Maxwell's Workshop
 43073 | WizLab   | Identified the ring of Pielo {Ice Will- Int+5}
 43076 | WizLab   | Identified the ring "Efeomoyt" {Ice rElec Int+2 Stlth-}
 43539 | WizLab   | Identified the +9 spear of Conjuring Destruction {freeze,
                  | rPois rF+ Dex-2 SInv}
 43568 | WizLab   | Received a gift from Trog
 43642 | WizLab   | Identified the -2 helmet of the Sky {MP+9}
 43644 | WizLab   | Identified the +1 buckler "Gycvustosma" {Harm Regen+ Str+3
                  | Dex-4}
 44275 | Elf:1    | Found Meneib's Antique Armour Shop.
 44286 | Elf:1    | Bought a masterwork scarf for 250 gold pieces
 44286 | Elf:1    | Identified the scarf of Beogh's Grace {harm, Slay+2} (You
                  | bought it in a shop on level 1 of the Elven Halls)
 44288 | Elf:1    | Identified the +4 plate armour of Beczaoc {Regen+}
 44413 | Elf:1    | Found Cacahu's Book Emporium.
 44746 | Elf:1    | Received a gift from Trog
 45194 | Elf:2    | Reached XP level 25. HP: 223/223 MP: 23/23
 45209 | Elf:2    | Found Yziq Kaf's Jewellery Emporium.
 45468 | Elf:2    | Found a runed translucent gate.
 45469 | Elf:2    | Found a runed translucent gate.
 45469 | Elf:2    | Found a runed translucent gate.
 45526 | Elf:2    | Identified the serpent talisman "Izaac" {rElec rF+}
 45526 | Elf:2    | Noticed Aizul
 45530 | Elf:2    | Noticed Agnes
 45538 | Elf:1    | Killed Aizul
 45713 | Elf:2    | Killed Agnes
 45837 | Elf:3    | Entered Level 3 of the Elven Halls
 46029 | Elf:3    | Reached skill level 10 in Armour
 46140 | Elf:3    | Received a gift from Trog
 46203 | Elf:3    | Identified the +0 plate armour of Ewerr {rPois rC++ Int+2
                  | Stlth+}
 46203 | Elf:3    | Identified the ring of Idajeuf {rElec rN+ Str-3 Int+5
                  | Slay+5}
 46264 | Elf:3    | Identified the +4 buckler of the Untouchables {rC+ Int+2}
 46264 | Elf:3    | Identified the ring "Qaudelag" {rPois rN+ Will+ Str+3}
 46289 | Elf:3    | Identified the +4 great mace of the Puffin {venom, Str-2
                  | SInv Stlth+}
 46595 | Elf:3    | Identified the +1 long sword "Irodieq" {holy, rF- rC+
                  | Str+3}
 46746 | Elf:3    | Identified the +7 sling of Uncertain Death {drain, Str+5}
 46749 | Elf:3    | Identified the +2 ring mail of Supple Strength {rN+}
 46768 | Elf:3    | Identified the +3 helmet of the Black Moon {rElec rF+ Int+3
                  | Stlth-}
 47386 | Depths:2 | Voluntarily entered the Abyss.
 47543 | Abyss:1  | Found a corrupted altar of Lugonu.
 47574 | Abyss:1  | Received a gift from Trog
 47621 | Abyss:1  | Found a corrupted altar of Lugonu.
 47734 | Abyss:1  | Found a corrupted altar of Lugonu.
 47989 | Abyss:2  | Found a corrupted altar of Lugonu.
 48050 | Abyss:2  | Found a corrupted altar of Lugonu.
 48909 | Abyss:3  | Received a gift from Trog
 48950 | Abyss:3  | Reached XP level 26. HP: 210/226 MP: 23/23
 49023 | Abyss:3  | Found a glowing golden altar of the Shining One.
 49058 | Abyss:3  | Reached skill level 15 in Armour
 49076 | Abyss:3  | Gained mutation: You are dopey. (Int -2) [a neqoxec]
 49078 | Abyss:3  | Noticed a juggernaut
 49087 | Abyss:3  | Killed a juggernaut
 49091 | Abyss:3  | Got an abyssal rune of Zot
 49100 | Depths:2 | Escaped the Abyss
 49285 | Zot:1    | Entered Level 1 of the Realm of Zot
 49947 | Zot:1    | Reached skill level 1 in Invocations
 50338 | Zot:1    | Reached skill level 5 in Invocations
 50443 | Zot:1    | Received a gift from Trog
 51024 | Zot:2    | Noticed an orb of fire
 51035 | Zot:2    | Killed an orb of fire
 51133 | Zot:2    | Noticed a curse toe
 51166 | Zot:2    | Killed a curse toe
 51387 | Zot:2    | Noticed a Killer Klown
 51395 | Zot:2    | Killed a Killer Klown
 51552 | Zot:2    | Reached skill level 10 in Invocations
 52633 | Zot:3    | Noticed a dread lich
 52633 | Zot:3    | Noticed a curse toe
 52670 | Zot:3    | Killed a dread lich
 52678 | Zot:3    | Killed a curse toe
 52683 | Zot:3    | Noticed an ancient lich
 52700 | Zot:3    | Killed an ancient lich
 53070 | Zot:3    | Noticed a curse toe
 53101 | Zot:3    | Killed a curse toe
 53402 | Zot:3    | Reached XP level 27. HP: 215/238 MP: 32/32
 53749 | Zot:3    | Received a gift from Trog
 54327 | Zot:3    | Acquired 789 gold pieces
 54415 | Zot:3    | Reached skill level 15 in Invocations
 54854 | Zot:3    | Identified the +3 leather armour of the Prince of Darkness
                  | {rC++ Regen+ Int+3 Slay-2}
 56158 | Zot:4    | Received a gift from Trog
 57372 | Zot:4    | Noticed a Killer Klown
 57373 | Zot:4    | Noticed an ancient lich
 57373 | Zot:4    | Noticed an orb of fire
 57381 | Zot:4    | Received a gift from Trog
 57387 | Zot:4    | Killed an ancient lich
 57393 | Zot:4    | Killed an orb of fire
 57402 | Zot:4    | Killed a Killer Klown
 58077 | Zot:4    | Identified the +1 robe of the Worm {rC+}
 58556 | Zot:5    | Entered Level 5 of the Realm of Zot
 58556 | Zot:5    | Noticed an orb of fire
 58572 | Zot:4    | Killed an orb of fire
 58890 | Zot:5    | Noticed an orb of fire
 58890 | Zot:5    | Noticed an orb of fire
 58890 | Zot:5    | Noticed an orb of fire
 58890 | Zot:5    | Noticed a dread lich
 58890 | Zot:5    | Noticed an orb of fire
 58891 | Zot:5    | Noticed an orb of fire
 58891 | Zot:5    | Noticed an orb of fire
 58898 | Zot:4    | Killed a dread lich
 58907 | Zot:4    | Killed an orb of fire
 59264 | Zot:5    | Noticed an ancient lich
 59264 | Zot:5    | Noticed an orb of fire
 59265 | Zot:5    | Gained mutation: You are clumsy. (Dex -2) [an orb of fire]
 59277 | Zot:4    | Killed an ancient lich
 59290 | Zot:4    | Killed an orb of fire
 59508 | Zot:4    | Gained mutation: Your spells are a little easier to cast,
                  | but a little less powerful. [an orb of fire]
 59514 | Zot:4    | Killed an orb of fire
 59572 | Zot:5    | Gained mutation: Your flesh is cold resistant. (rC+) [an
                  | orb of fire]
 59580 | Zot:4    | Killed an orb of fire
 59651 | Zot:4    | Killed an orb of fire
 59931 | Zot:5    | Noticed an orb of fire
 59945 | Zot:4    | Killed an orb of fire
 60077 | Zot:5    | Noticed an ancient lich
 60078 | Zot:5    | Noticed a Killer Klown
 60087 | Zot:5    | Killed an ancient lich
 60090 | Zot:5    | Killed a Killer Klown
 60102 | Zot:4    | Killed an orb of fire
 60242 | Zot:5    | Gained mutation: Armour fits poorly on your strangely
                  | shaped body. [an orb of fire]
 60248 | Zot:5    | Killed an orb of fire
 60263 | Zot:4    | Lost mutation: Your spells are a little easier to cast, but
                  | a little less powerful. [potion of mutation]
 60263 | Zot:4    | Lost mutation: You are clumsy. (Dex -2) [potion of
                  | mutation]
 60263 | Zot:4    | Lost mutation: Armour fits poorly on your strangely shaped
                  | body. [potion of mutation]
 60514 | Zot:5    | Noticed a Killer Klown
 60568 | Zot:5    | Killed a Killer Klown
 60698 | Zot:5    | Received a gift from Trog
 60863 | Zot:5    | Noticed a dread lich
 60873 | Zot:5    | Killed a dread lich
 61790 | Crypt:1  | Entered Level 1 of the Crypt
 61966 | Crypt:1  | Received a gift from Trog
 62035 | Crypt:1  | Found a huge runed translucent gate.
 62035 | Crypt:1  | Found a huge runed translucent gate.
 62036 | Crypt:1  | Found a huge runed translucent gate.
 62036 | Crypt:1  | Found a huge runed translucent gate.
 62036 | Crypt:1  | Found a huge runed translucent gate.
 62037 | Crypt:1  | Found a huge runed translucent gate.
 62037 | Crypt:1  | Found a huge runed translucent gate.
 62040 | Crypt:1  | Found a huge runed translucent gate.
 62040 | Crypt:1  | Found a huge runed translucent gate.
 63198 | Zot:5    | Got the Orb of Zot
 63512 | D:14     | Noticed Umidekk the pandemonium lord
 63768 | D:$      | Escaped with the Orb!

Illustrated notes

Levels and vault maps discovered:
D:1:      shiori_arrival_maze, layout_loops_cross, serial_shops, shop,
          nicolae_shop_real_fake_doors, nicolae_shop_peninsula, shop,
          ebering_dispersal_statue_hall, minmay_rat_gold_closets
D:2:      layout_basic
D:3:      layout_basic, grunt_temple_overflow_lords_of_destruction,
          grunt_temple_overflow_order_and_chaos_1, minmay_misc_feat_square,
          chequers_serial_rivers_marsh
D:4:      minmay_diamond_boxcup, layout_loops_ring,
          nicolae_dithmenos_the_darkroom, minmay_rat_hole
D:5:      layout_cave_pools, serial_column_ruins, column_ruins_grid_1,
          column_ruins_open_small, column_ruins_open_small,
          column_ruins_open_tiny_water, column_ruins_columns_straight,
          column_ruins_corridor_dead_end
D:6:      layout_loops_corners, minmay_temple_entry_large_hall,
          mainiacjoe_sewer_entry_somewhere_in_here_2
D:7:      layout_rooms
D:8:      layout_basic, hellmonk_lair_entry_icy, serial_bayou,
          serial_bayou_pond_d, serial_bayou_pond_d, serial_bayou_lagoon_b,
          serial_bayou_pond_b
D:9:      layout_loops_ring, nicolae_elyvilon_peaceful_grove,
          amcnicky_altar_gilded, mainiacjoe_overflow_tiny_flanked
D:10:     layout_cave_pools, mainiacjoe_overflow_concentric_impassable,
          lemuel_mausoleum_altar_kikubaaqudgha, serial_gnoll_camp,
          gnoll_camp_mini_shop, grums_kennel, gnoll_camp_medium_01,
          gnoll_camp_mini_house, gnoll_camp_mini_loothouse,
          dreamdust_princess_corridor
D:11:     layout_loops_ring
D:12:     layout_big_octagon, erik_orc_4, st_stairs_1, nicolae_titane,
          uniq_sonja, uniq_frances
D:13:     erik_rubicon_b, layout_stronghold, david_vaults_3,
          yredelemnul_altar_generic, uniq_jorgrun
D:14:     layout_small_grid, nicolae_zig_zag_zippers, uniq_lodul
D:15:     hangedman_depths_entry_civil_slaughter, layout_gridville,
          enter_trove_1, lemuel_round_altar, gammafunk_ghost_ooze, uniq_kirke
Lair:1:   layout_gridlike, portal_ice_cave_entry_imps, uniq_jeremiah
Lair:2:   layout_gridlike, serial_bayou_shore_a, uniq_maggie, uniq_gastronok
Lair:3:   nzn_motion_control, layout_small_grid,
          minmay_shoals_entry_lonely_mermaid, dummy_spider_entry,
          gammafunk_lair_bear_cave
Lair:4:   layout_gridlike, nicolae_slime_entry_slimehenge, lemuel_fruit_tree,
          lemuel_fruit_fields
Lair:5:   minmay_lair_end_frog_pond, layout_misc_corridors,
          gauntlet_entry_generic, chequers_serial_rivers_large_a
Shoals:1: nicolae_shoals_offshore_bank_account, layout_shoals,
          nicolae_shoals_lost_giant_pillars,
          nicolae_shoals_stone_sculpture_thing
Shoals:2: layout_shoals, serial_shops, nicolae_shop_just_a_little_nook,
          uniq_ilsuiw, uniq_mlioglotl, uniq_polyphemus
Shoals:3: layout_shoals, serial_shops, nicolae_shop_stone,
          nicolae_shoals_lost_giant_temple, nicolae_shoals_isolated_beach
Shoals:4: shoals_end_hellmonk_lost_city, serial_shops
Spider:1: layout_spider_delve
Spider:2: layout_spider_delve, uniq_arachne, uniq_louise
Spider:3: layout_spider_delve, nicolae_spider_solar_radiation
Spider:4: grunt_spider_rune_parallel
Orc:1:    layout_caves, serial_shops, nicolae_shop_advertising_works
          [nicolae_subvault_shop_adworks], shop, shop, shop, shop,
          guppyfry_orc_lava_fort
Orc:2:    grunt_orc_tribal_feast, layout_caves, basic_altar
Elf:1:    minmay_elf_crystal_square, layout_rooms, serial_shops,
          nicolae_shop_tiny_real_fake_doors, nicolae_shop_crystal,
          infiniplex_enter_wizlab_spiral, kennysheep_underground_church,
          evilmike_minifort
Elf:2:    nicolae_elf_blades_crystal_corner, layout_geoelf_octagon,
          serial_shops, shop, uniq_aizul, uniq_agnes
Elf:3:    grunt_elf_hall_spiral, layout_geoelf_grid
Vaults:1: v_misc_29, v_alt_pattern_2, nicolae_vaults_three_branches, v_rooms_6,
          nicolae_vaults_network_quinsquares
          [nicolae_vaults_network_quincunx_subvault,
          nicolae_vaults_network_quincunx_subvault,
          nicolae_vaults_network_quincunx_subvault,
          nicolae_vaults_network_quincunx_subvault], special_room_vaults
          [special_room_orc], nicolae_vaults_meiosis, nicolae_vaults_diamond_1,
          grunt_vaults_hallway_short, layout_vaults_big_cross, serial_shops,
          shop, shop, nicolae_shop_trees, shop, uniq_zenata, uniq_nikola
Vaults:2: ebering_ghost_gozag, nicolae_vaults_apartment_1,
          nicolae_vaults_little_squares_5, minmay_crypt_entry_necro_gods,
          vaults_room_fancy_cross, nooodl_orcs_dogs, v_alt_pattern_4,
          nicolae_vaults_border_crossing, nicolae_vaults_storage_room_glass,
          nicolae_vaults_diamond_1, nicolae_vaults_sealed_display,
          vaults_room_corners, ontoclasm_vaults_loading_screen,
          layout_vaults_ring, serial_shops, bzr_entry_islet
Vaults:3: nicolae_vaults_closet_pinwheel_2, nicolae_vaults_little_squares_1,
          vaults_room_fours, v_alt_pattern_6, vaults_room_large_hall,
          nicolae_vaults_alarming, nicolae_vaults_tetromino_Z_1, v_misc_18,
          vaults_mumra_minichess_inversion, layout_vaults_chaotic_city
Vaults:4: ebering_ghost_disaster_area, nicolae_vaults_security_offices_2,
          nicolae_vaults_sightless_eye, nicolae_vaults_prndl,
          nicolae_vaults_ninety_degrees, ontoclasm_vaults_decontamination,
          hangedman_vaults_stream, hangedman_vaults_corner,
          nicolae_vaults_trapezoid_layered, nicolae_vaults_little_squares_4,
          nicolae_vaults_storage_closets_1, nicolae_vaults_closet_pinwheel_4,
          nicolae_vaults_ring_of_whatevers, layout_vaults_omnibox, serial_shops,
          shop
Crypt:1:  cheibrodos_crypt_3hun_7po, layout_regular_city,
          grunt_crypt_arrival_guarded_gate
Crypt:2:  layout_chaotic_city, nicolae_elevator_lobby_plus, grunt_megastairs_5,
          lemuel_upstairs_altar
Depths:1: cheibrodos_quadrivalence, layout_small_grid, hell_entry,
          minmay_misc_feat_cross, serial_shops, nicolae_shop_window_shopping,
          shop, nicolae_shop_tiny_statue_garden, shop_fountains,
          roderic_lattice_a, ashenzari_altar_1
Depths:2: nicolae_BIG_FREAKIN_CUBE, layout_basic, enter_ziggurat_f,
          grunt_hell_entry_dis_mu, rand_demon_pan_entry_7, fedhas_altar_2,
          abyss_entry_flame_altar, minmay_staircase_windowed_large
Depths:3: nzn_winding_woodlands_small [nzn_winding_woodlands_5x15_zeroes,
          nzn_winding_woodlands_center_pierced_h,
          nzn_winding_woodlands_5x15_pool], layout_cave_pools,
          nicolae_abyss_entry_one_way_or_another, hell_entry,
          minmay_staircase_bubble, nicolae_rock_paper_scissors, uniq_parghit
Depths:4: evilmike_zot_entry_diamond, layout_gridlike, hell_entry,
          nicolae_tso_carved_into_rock, grunt_megastairs_4
Zot:1:    kennysheep_room_grid, layout_cathedral_of_symmetry
Zot:2:    layout_twisted_circle, regret_index_zotdec_banners
Zot:3:    hangedman_snap_crack_crunch, layout_onion_interference,
          zot_minivault_3
Zot:4:    grunt_deathspiral_small, layout_cathedral_of_symmetry,
          regret_index_zotdec_serpentine_coiled
Zot:5:    layout_cathedral_of_symmetry, st_stairs_9

Skill      XL: |  1  2  3  4  5  6  7  8  9 10 11 12 13 14 15 16 17 18 19 20 21 22 23 24 25 26 27 |
---------------+----------------------------------------------------------------------------------+-----
Fighting       | 4 5 6 8 10 11 12 14 15 16 17 18 19 20 21 22 23 24 | 24.0
Polearms       | 4 5 6 |  6.3
Shields        | 1 2 5 7 10 11 13 15 18 19 20 22 23 24 25 26 | 26.0
Staves         | 2 8 10 11 13 14 15 16 17 18 19 | 19.6
Evocations     | 5 6 10 | 10.0
Throwing       | 3 9 11 13 14 15 16 17 18 19 20 | 20.0
Armour         | 4 8 14 16 | 16.2
Invocations    | 13 26 | 26.3
Dodging        | |  1.7

Action                     |  1- 3 |  4- 6 |  7- 9 | 10-12 | 13-15 | 16-18 | 19-21 | 22-24 | 25-27 || total
---------------------------+-------+-------+-------+-------+-------+-------+-------+-------+-------++-------
  Melee: Spear             |    99 |   134 |       |       |       |       |       |       |       ||   233
         Punch             |       |     3 |       |       |       |       |       |       |       ||     3
         Lajatang          |       |    13 |   229 |   452 |   882 |  1279 |  1471 |  1487 |  2130 ||  7943
  Throw: Dart              |       |       |       |     2 |       |     3 |       |       |       ||     5
         Javelin           |       |       |       |       |       |    10 |    50 |    28 |   151 ||   239
         Boomerang         |       |       |       |       |       |    40 |    23 |    28 |    37 ||   128
         Throwing net      |       |       |       |       |       |       |       |       |     3 ||     3
 Invoke: Trog's Hand       |       |     2 |     1 |     1 |     1 |       |       |     1 |       ||     6
         Brothers in Arms  |       |       |       |     1 |    11 |     6 |     6 |    11 |    13 ||    48
Ability: Dig               |     2 |       |       |       |     5 |     4 |     2 |     5 |    23 ||    41
         Shaft Self        |       |     1 |       |       |       |       |       |       |       ||     1
  Evoke: Wand              |       |       |       |     9 |     3 |     6 |     4 |       |     3 ||    25
         Phantom mirror    |       |       |       |       |     3 |       |       |     1 |     1 ||     5
         Tin of tremorston |       |       |       |       |       |     1 |       |       |       ||     1
    Use: Scroll            |       |     5 |     9 |     1 |     9 |    11 |     6 |     8 |     8 ||    57
         Potion            |       |       |       |       |     1 |     5 |     3 |       |    11 ||    20
   Stab: Sleeping          |     6 |       |       |       |       |       |       |       |       ||     6
         Distracted        |       |       |       |       |       |       |     1 |     3 |     1 ||     5
         Held in net/web   |       |       |       |       |       |       |       |       |     3 ||     3
 Armour: Animal skin       |    30 |       |       |       |       |       |       |       |       ||    30
         Ring mail         |     1 |    70 |    70 |    75 |       |       |       |       |       ||   216
         Chain mail        |       |       |       |   102 |   288 |   612 |   581 |   337 |       ||  1920
         Gold dragon scale |       |       |       |       |       |       |       |   291 |  1003 ||  1294
         Skin              |       |       |       |       |       |       |       |       |     4 ||     4
  Dodge: Dodged            |    40 |    56 |    91 |   160 |   104 |   158 |   177 |   134 |   153 ||  1073
  Block: Kite shield       |       |    20 |    95 |   236 |       |       |       |       |       ||   351
         Tower shield      |       |       |       |     5 |   767 |  1314 |  1440 |  1185 |  2266 ||  6977
         Reflection        |       |       |       |       |    11 |    10 |       |    30 |    55 ||   106

Table legend: (Time is in decaauts)
 A = Elapsed time spent in this place.
 B = Non-inter-level travel time spent in this place.
 C = Inter-level travel time spent in this place.
 D = Time resting spent in this place.
 E = Time spent auto-exploring this place.
 F = Levels seen in this place.
 G = Mean time per level.
                   A        B        C        D        E       F      G
               +--------+--------+--------+--------+--------+-----+--------+
         Total |  62166 |  57215 |   4951 |   9786 |  27588 |  55 | 1130.3 |
       Dungeon |  14065 |  12386 |   1679 |   1236 |   6653 |  15 |  937.7 |
          Lair |   5542 |   5071 |    471 |    481 |   2891 |   5 | 1108.4 |
        Shoals |   4400 |   4143 |    257 |    518 |   1961 |   4 | 1100.0 |
   Spider Nest |   4220 |   4058 |    162 |    331 |   2182 |   4 | 1055.0 |
  Orcish Mines |   1720 |   1528 |    192 |    225 |    731 |   2 |  860.0 |
   Elven Halls |   3218 |   3059 |    159 |    201 |   1745 |   3 | 1072.7 |
        Vaults |   5339 |   4996 |    343 |    196 |   2955 |   4 | 1334.8 |
         Crypt |    999 |    904 |     95 |      0 |    597 |   2 |  499.5 |
        Depths |   6433 |   5726 |    707 |   1374 |   2531 |   4 | 1608.2 |
           Zot |  12158 |  11275 |    883 |   4372 |   4504 |   5 | 2431.6 |
         Abyss |   1599 |   1599 |      0 |    493 |      0 |   3 |  533.0 |
        Bazaar |     82 |     82 |      0 |      0 |     40 |   1 |   82.0 |
         Sewer |    560 |    560 |      0 |      0 |    145 |   1 |  560.0 |
      Ice Cave |    915 |    915 |      0 |    138 |    349 |   1 |  915.0 |
        Wizlab |    910 |    910 |      0 |    218 |    302 |   1 |  910.0 |
               +--------+--------+--------+--------+--------+-----+--------+

Top non-repeatable levels by time:
   Zot:4: 4294 daAuts
   Zot:2: 2317 daAuts
   Zot:3: 2279 daAuts
Depths:2: 2129 daAuts
Depths:4: 1872 daAuts
   Zot:1: 1788 daAuts
  Lair:3: 1505 daAuts
   Zot:5: 1478 daAuts
     D:8: 1456 daAuts
Vaults:2: 1412 daAuts
Vaults:1: 1383 daAuts
Vaults:3: 1316 daAuts
Spider:4: 1293 daAuts
Depths:3: 1286 daAuts
   Elf:3: 1265 daAuts
